MLB
WASHINGTON NATIONALS @ JACKSONVILLE BOMBERS
03/14/2042
 
TOP OF THE 1ST
Washington Nationals batting - Pitching for Jacksonville Bombers : LHP Masami Ishikawa
Pitching: LHP Masami Ishikawa
Batting: LHB Dana Martin 0-0: SINGLE (Groundball, 34D, EV 107.5 MPH)
Batting: LHB Dwayne Charles 0-0: Called Strike
0-1: Ball
1-1: Foul Ball, location: 25F
1-2: Ball
Dana Martin is caught stealing 2nd base 2-6
2-2: Foul Ball, location: 3F
2-2: Foul Ball, location: 2F
2-2: Foul Ball, location: 25F
2-2: Strikes out swinging
Batting: RHB Doug Watts 0-0: Ball
1-0: Ball
2-0: Called Strike
2-1: Ball
3-1: Base on Balls
Batting: LHB Bobby Flowers 0-0: Ball
1-0: Ball
2-0: Ball
3-0: Called Strike
3-1: Foul Ball, location: 25FF
3-2: Hit by Pitch
Doug Watts to second
Batting: LHB Cal Brown 0-0: Ball
1-0: Ball
2-0: SINGLE (Line Drive, 6M, EV 95.6 MPH)
Doug Watts to third
Bobby Flowers to second
Runner from 3rd tries for Home, SAFE, throw by CF to home
Batting: LHB Brad Numbers 0-0: Ball
1-0: Foul Ball, location: 3SF
1-1: Ball
2-1: Fielders Choice at 2nd, 6-4 (Groundball, 6, EV 110.0 MPH)
Top of the 1st over - 1 run, 2 hits, 0 errors, 2 left on base; Washington 1 - Jacksonville 0
BOTTOM OF THE 1ST
Jacksonville Bombers batting - Pitching for Washington Nationals : RHP Tim Carter
Pitching: RHP Tim Carter
Batting: RHB Raúl Toro 0-0: Called Strike
0-1: Ball
1-1: Foul Ball, location: 3SF
1-2: Fly out, F5 (Line Drive, 5, EV 76.3 MPH)
Batting: RHB Jim Brown 0-0: Called Strike
0-1: Ball
1-1: SINGLE (Groundball, 34D, EV 99.4 MPH)
Batting: LHB Yoshihito Abe 0-0: Called Strike
Jim Brown steals 2nd base
0-1: Ball
1-1: Called Strike
1-2: Fly out, F9 (Flyball, 9, EV 96.9 MPH)
Batting: RHB José Alonso 0-0: Called Strike
0-1: Ball
1-1: Ball
2-1: SINGLE (Line Drive, 6D, EV 94.4 MPH)
Jim Brown to third
Runner from 3rd tries for Home, throw by CF and OUT! 8-2
Bottom of the 1st over - 0 runs, 2 hits, 0 errors, 1 left on base; Washington 1 - Jacksonville 0
TOP OF THE 2ND
Washington Nationals batting - Pitching for Jacksonville Bombers : LHP Masami Ishikawa
Batting: RHB Ernesto Paganin 0-0: Foul Ball, location: 23FF
0-1: Ground out 6-3 (Groundball, 6, EV 85.0 MPH)
Batting: RHB Jerry Clayton 0-0: Foul Ball, location: 9LMF
0-1: Ball
1-1: Foul Ball, location: 5DF
1-2: Fly out, F9 (Flyball, 89S, EV 92.5 MPH)
Batting: RHB Juan Palácios 0-0: Ball
1-0: Ground out 5-3 (Groundball, 56, EV 84.4 MPH)
Top of the 2nd over - 0 runs, 0 hits, 0 errors, 0 left on base; Washington 1 - Jacksonville 0
BOTTOM OF THE 2ND
Jacksonville Bombers batting - Pitching for Washington Nationals : RHP Tim Carter
Batting: LHB Héctor González 0-0: Ball
1-0: Ball
2-0: Ball
3-0: Base on Balls
Batting: RHB Jeremie Gentileschi 0-0: Ball
1-0: Foul Ball, location: 7LMF
1-1: Swinging Strike
1-2: Ball
2-2: Ball
3-2: Foul Ball, location: 5F
3-2: Foul Ball, location: 9LDF
3-2: Fly out, F6 (Popup, 56D, EV 66.9 MPH)
Batting: SHB Kevin Tucker 0-0: Ball
1-0: Ball
2-0: Ball
3-0: Base on Balls
Héctor González to second
Batting: RHB Pat Mayer 0-0: Grounds into double play, 5-4-3 (Groundball, 25, EV 88.8 MPH)
Bottom of the 2nd over - 0 runs, 0 hits, 0 errors, 1 left on base; Washington 1 - Jacksonville 0
TOP OF THE 3RD
Washington Nationals batting - Pitching for Jacksonville Bombers : LHP Masami Ishikawa
Batting: LHB Dana Martin 0-0: Called Strike
0-1: Called Strike
0-2: Ball
1-2: Strikes out swinging, 2-3 out at first.
Batting: LHB Dwayne Charles 0-0: Ball
1-0: Ball
2-0: Called Strike
2-1: Ball
3-1: Swinging Strike
3-2: Base on Balls
Batting: RHB Doug Watts 0-0: Ball
1-0: Hit by Pitch
Dwayne Charles to second
Batting: LHB Bobby Flowers 0-0: Foul Ball, location: 2F
0-1: Ball
1-1: Swinging Strike
1-2: Ball
2-2: Foul Ball, location: 2F
2-2: Foul Ball, location: 7LMF
2-2: Ball
3-2: Foul Ball, location: 3F
3-2: Foul Ball, location: 7LSF
3-2: Base on Balls
Dwayne Charles to third
Doug Watts to second
Batting: LHB Cal Brown 0-0: Ball
Wild Pitch!
Dwayne Charles scores
Doug Watts to third
Bobby Flowers to second
1-0: Called Strike
1-1: Called Strike
1-2: Strikes out swinging
Batting: LHB Brad Numbers 0-0: Called Strike
0-1: Ball
1-1: Foul Ball, location: 3FF
1-2: Ball
2-2: Fly out, F7 (Flyball, 7LM, EV 88.8 MPH)
Top of the 3rd over - 1 run, 0 hits, 0 errors, 2 left on base; Washington 2 - Jacksonville 0
BOTTOM OF THE 3RD
Jacksonville Bombers batting - Pitching for Washington Nationals : RHP Tim Carter
Batting: RHB Gilberto Souza 0-0: Ball
1-0: Foul Ball, location: 9LDF
1-1: Foul Ball, location: 25F
1-2: Foul Ball, location: 5F
1-2: Ball
2-2: Strikes out swinging
Batting: RHB Raúl Toro 0-0: Ground out 5-3 (Groundball, 5, EV 96.3 MPH)
Batting: RHB Jim Brown 0-0: Called Strike
0-1: Ball
1-1: SINGLE (Line Drive, 7S, EV 92.5 MPH)
Batting: LHB Yoshihito Abe 0-0: Ball
1-0: Ground out 1-3 (Groundball, 34S, EV 74.4 MPH)
Bottom of the 3rd over - 0 runs, 1 hit, 0 errors, 1 left on base; Washington 2 - Jacksonville 0
TOP OF THE 4TH
Washington Nationals batting - Pitching for Jacksonville Bombers : LHP Masami Ishikawa
Pitching: RHP Joe Williams
Batting: RHB Ernesto Paganin 0-0: Ball
1-0: Ground out 3-1 (Groundball, 34, EV 108.1 MPH)
Batting: RHB Jerry Clayton 0-0: Called Strike
0-1: Ground out U3 (Groundball, 3S, EV 88.1 MPH)
Batting: RHB Juan Palácios 0-0: Called Strike
0-1: Fly out, F6 (Popup, 6, EV 64.4 MPH)
Top of the 4th over - 0 runs, 0 hits, 0 errors, 0 left on base; Washington 2 - Jacksonville 0
BOTTOM OF THE 4TH
Jacksonville Bombers batting - Pitching for Washington Nationals : RHP Tim Carter
Batting: RHB José Alonso 0-0: Called Strike
0-1: Ball
1-1: Fly out, F8 (Line Drive, 89M, EV 95.0 MPH)
Batting: LHB Héctor González 0-0: Ground out 4-3 (Groundball, 4, EV 85.0 MPH)
Batting: RHB Jeremie Gentileschi 0-0: Ground out 5-3 (Groundball, 5S, EV 62.5 MPH)
Bottom of the 4th over - 0 runs, 0 hits, 0 errors, 0 left on base; Washington 2 - Jacksonville 0
TOP OF THE 5TH
Washington Nationals batting - Pitching for Jacksonville Bombers : RHP Joe Williams
Pitching: RHP Ed King
Now at 1B: Al Griffin
Now in LF: Freddy Murphy
Now in RF: Sean Davidson
Batting: LHB Dana Martin 0-0: Ball
1-0: Foul Ball, location: 25F
1-1: Ball
2-1: SINGLE (Line Drive, 9S, EV 105.0 MPH)
Pinch Hitting: LHB Gilberto Macías 0-0: DOUBLE (Groundball, 5L, EV 101.9 MPH)
Dana Martin to third
Pinch Hitting: RHB Jon Thurman 0-0: Ball
1-0: Fly out, F8 (Flyball, 8RD, EV 105.0 MPH)
Runner from 3rd tags up, SCORES, no throw by CF
Pinch Hitting: LHB Eric Tushinghem 0-0: Called Strike
0-1: Ball
Wild Pitch!
Gilberto Macías to third
1-1: Swinging Strike
1-2: Foul Ball, location: 9LMF
1-2: Ball
2-2: Ball
3-2: SINGLE (Groundball, 4, EV 108.1 MPH)
Gilberto Macías scores
Pinch Hitting: SHB Juan Trevino 0-0: Ball
1-0: Ball
2-0: Ball
3-0: Called Strike
3-1: Called Strike
3-2: Fly out, F7 (Flyball, 7, EV 86.3 MPH)
Batting: SHB Bernardo Reyes 0-0: Ball
1-0: Ball
Eric Tushinghem steals 2nd base
2-0: Ground out U3 (Groundball, 3S, EV 81.3 MPH)
Top of the 5th over - 2 runs, 3 hits, 0 errors, 1 left on base; Washington 4 - Jacksonville 0
BOTTOM OF THE 5TH
Jacksonville Bombers batting - Pitching for Washington Nationals : RHP Tim Carter
Now at 1B: Juan Trevino
Now at 2B: Jon Thurman
Now in LF: Esteban Gonzáles
Now in CF: Eric Tushinghem
Now in RF: Dana Martin
Batting: SHB Kevin Tucker 0-0: SINGLE (Line Drive, 8LS, EV 93.8 MPH)
Batting: RHB Pat Mayer 0-0: Ball
1-0: Ball
2-0: Called Strike
2-1: Swinging Strike
2-2: Strikes out swinging
Batting: RHB Gilberto Souza 0-0: Fielders Choice at 2nd, 1-6 (Groundball, 34S, EV 69.4 MPH)
Batting: RHB Al Griffin 0-0: Ball
1-0: Fly out, F9 (Flyball, 89M, EV 86.9 MPH)
Bottom of the 5th over - 0 runs, 1 hit, 0 errors, 1 left on base; Washington 4 - Jacksonville 0
TOP OF THE 6TH
Washington Nationals batting - Pitching for Jacksonville Bombers : RHP Ed King
Pitching: RHP Oscar Simons
Now at 3B: Danny King
Batting: RHB Ernesto Paganin 0-0: Ball
1-0: Swinging Strike
1-1: Ground out 6-3 (Groundball, P, EV 81.9 MPH)
Pinch Hitting: SHB Jorge Acosta 0-0: Called Strike
0-1: Ball
1-1: Ball
2-1: Ball
3-1: Called Strike
3-2: Base on Balls
Pinch Hitting: SHB Luis Mota 0-0: Ball
1-0: Ball
2-0: Fielders Choice at 2nd, 6-4 (Groundball, 6, EV 83.1 MPH)
Pinch Hitting: SHB Dave Dulin 0-0: Ball
Luis Mota steals 2nd base (no throw)
1-0: Swinging Strike
1-1: Ball
2-1: Swinging Strike
2-2: Strikes out swinging
Top of the 6th over - 0 runs, 0 hits, 0 errors, 1 left on base; Washington 4 - Jacksonville 0
BOTTOM OF THE 6TH
Jacksonville Bombers batting - Pitching for Washington Nationals : RHP Tim Carter
Now at 3B: Jorge Acosta
Now at SS: Luis Mota
Now in RF: Dave Dulin
Batting: LHB Danny King 0-0: Called Strike
0-1: Ground out 2-3 (Groundball, 2L, EV 72.5 MPH)
Batting: RHB Sean Davidson 0-0: Called Strike
0-1: Foul Ball, location: 2F
0-2: Ball
1-2: Strikes out swinging
Batting: RHB José Alonso 0-0: Called Strike
0-1: Ball
1-1: Ball
2-1: SINGLE (Groundball, 56D, EV 105.0 MPH)
Batting: RHB Freddy Murphy 0-0: Ball
1-0: Fly out, F7 (Flyball, 7LM, EV 80.6 MPH)
Bottom of the 6th over - 0 runs, 1 hit, 0 errors, 1 left on base; Washington 4 - Jacksonville 0
TOP OF THE 7TH
Washington Nationals batting - Pitching for Jacksonville Bombers : RHP Oscar Simons
Pitching: RHP Mario Bernard
Now in CF: Juan Novoa
Batting: RHB Esteban Gonzáles 0-0: Ball
1-0: Called Strike
1-1: Swinging Strike
1-2: Foul Ball, location: 2F
1-2: Ball
2-2: Ground out 5-3 (Groundball, 5, EV 82.5 MPH)
Batting: RHB Jon Thurman 0-0: Ball
1-0: Ball
2-0: Called Strike
2-1: Ball
3-1: Fly out, F9 (Line Drive, 89M, EV 87.5 MPH)
Batting: LHB Eric Tushinghem 0-0: Swinging Strike
0-1: Ground out 4-3 (Groundball, 4, EV 85.0 MPH)
Top of the 7th over - 0 runs, 0 hits, 0 errors, 0 left on base; Washington 4 - Jacksonville 0
BOTTOM OF THE 7TH
Jacksonville Bombers batting - Pitching for Washington Nationals : RHP Tim Carter
Pitching: RHP Orlando Rivas
Batting: RHB Jeremie Gentileschi 0-0: Called Strike
0-1: Foul Ball, location: 5FF
0-2: Strikes out swinging
Batting: SHB Kevin Tucker 0-0: Called Strike
0-1: SINGLE (Groundball, 5S, EV 65.6 MPH) (infield hit)
Batting: RHB Pat Mayer 0-0: Swinging Strike
Passed Ball!
Kevin Tucker to second
0-1: Ball
1-1: Called Strike
1-2: Ball
2-2: Foul Ball, location: 2F
2-2: Strikes out looking
Pitching: LHP Leonardo Madrigal
Batting: LHB Juan Novoa 0-0: Ball
1-0: Ball
2-0: Called Strike
2-1: Foul Ball, location: 7LSFF
2-2: Foul Ball, location: 23F
2-2: Ball
3-2: Base on Balls
Batting: RHB Al Griffin 0-0: Called Strike
0-1: Ball
1-1: Ball
2-1: Ground out 1-3 (Groundball, 13S, EV 69.4 MPH)
Bottom of the 7th over - 0 runs, 1 hit, 0 errors, 2 left on base; Washington 4 - Jacksonville 0
TOP OF THE 8TH
Washington Nationals batting - Pitching for Jacksonville Bombers : RHP Mario Bernard
Pitching: RHP Ronnie Gullett
Batting: SHB Juan Trevino 0-0: Called Strike
0-1: Ball
1-1: Fly out, F5 (Popup, 56S, EV 71.9 MPH)
Batting: SHB Bernardo Reyes 0-0: Ball
1-0: Called Strike
1-1: Ball
2-1: Foul Ball, location: 2F
2-2: Ball
3-2: Base on Balls
Batting: RHB Ernesto Paganin 0-0: Called Strike
0-1: Foul Ball, location: 9LSF
0-2: Hit by Pitch
Bernardo Reyes to second
Batting: SHB Jorge Acosta 0-0: Foul Ball, location: 3DF
0-1: Ball
1-1: Called Strike
1-2: Ball
2-2: Ball
3-2: SINGLE (Groundball, 34D, EV 103.8 MPH)
Bernardo Reyes to third
Ernesto Paganin to second
Batting: SHB Luis Mota 0-0: Swinging Strike
0-1: Swinging Strike
0-2: Ball
1-2: Strikes out swinging
Batting: SHB Dave Dulin 0-0: Called Strike
0-1: Ball
Wild Pitch!
Bernardo Reyes scores
Ernesto Paganin to third
Jorge Acosta to second
1-1: Called Strike
1-2: Foul Ball, location: 25F
1-2: Strikes out swinging
Top of the 8th over - 1 run, 1 hit, 0 errors, 2 left on base; Washington 5 - Jacksonville 0
BOTTOM OF THE 8TH
Jacksonville Bombers batting - Pitching for Washington Nationals : LHP Leonardo Madrigal
Pitching: RHP Axel Maldini
Batting: LHB Danny King 0-0: DOUBLE (Line Drive, 78M, EV 107.5 MPH)
Batting: RHB Sean Davidson 0-0: Ball
1-0: Foul Ball, location: 2F
1-1: Ball
2-1: Fly out, F8 (Line Drive, 8RM, EV 101.9 MPH)
Batting: RHB José Alonso 0-0: Called Strike
0-1: Foul Ball, location: 9LSF
0-2: Ball
1-2: Ground out 5-3 (Groundball, 5, EV 105.0 MPH)
Batting: RHB Freddy Murphy 0-0: Called Strike
0-1: Swinging Strike
0-2: Ball
1-2: Strikes out swinging
Bottom of the 8th over - 0 runs, 1 hit, 0 errors, 1 left on base; Washington 5 - Jacksonville 0
TOP OF THE 9TH
Washington Nationals batting - Pitching for Jacksonville Bombers : RHP Ronnie Gullett
Pitching: RHP Gilberto Varela
Batting: RHB Esteban Gonzáles 0-0: Ball
1-0: Foul Ball, location: 5SF
1-1: Ball
2-1: Ball
3-1: Base on Balls
Pinch Hitting: RHB Ron Clements 0-0: Called Strike
0-1: Ball
1-1: Called Strike
1-2: Ball
Pickoff Throw to First - Out! 1-3 CS
2-2: Ball
3-2: Foul Ball, location: 5FF
3-2: Strikes out swinging
Batting: LHB Eric Tushinghem 0-0: Ball
1-0: Ground out 1-3 (Groundball, 13, EV 65.6 MPH)
Top of the 9th over - 0 runs, 0 hits, 0 errors, 0 left on base; Washington 5 - Jacksonville 0
BOTTOM OF THE 9TH
Jacksonville Bombers batting - Pitching for Washington Nationals : RHP Axel Maldini
Pitching: RHP Mike Malone
Now at 2B: Ron Clements
Batting: RHB Jeremie Gentileschi 0-0: Swinging Strike
0-1: Ground out U3 (Groundball, 34, EV 89.4 MPH)
Batting: SHB Kevin Tucker 0-0: Foul Ball, location: 9LMF
0-1: Ball
1-1: Swinging Strike
1-2: Ball
2-2: Ball
3-2: Base on Balls
Batting: RHB Pat Mayer 0-0: Called Strike
0-1: Swinging Strike
0-2: Ball
1-2: Strikes out looking
Batting: LHB Juan Novoa 0-0: Ball
1-0: Ball
2-0: DOUBLE (Line Drive, 9LS, EV 108.8 MPH)
Kevin Tucker to third
Batting: RHB Al Griffin 0-0: Fly out, F3 (Popup, 3D, EV 76.9 MPH)
Bottom of the 9th over - 0 runs, 1 hit, 0 errors, 2 left on base; Washington 5 - Jacksonville 0
Friday, May 3rd , 2024 - OOTP Baseball 24.10 Build 82